 Dungeon Crawl Stone Soup version 0.31-a0-662-g684573625c (webtiles) character file.

Game seed: 17868702538552393777

618 GordonOverkill the Cudgeller (level 7, -2/65 HPs)
             Began as an Armataur Delver on Sept 1, 2023.
             Was an Initiate of Gozag.
             Slain by a hell rat (13 damage)
             ... on level 5 of the Dungeon.
             The game lasted 00:07:14 (4661 turns).

GordonOverkill the Cudgeller (Armataur Delver)      Turns: 4661, Time: 00:07:15

Health: -2/65      AC:  6    Str: 19    XL:     7   Next: 21%
Magic:  7/7        EV:  9    Int: 10    God:    Gozag
Gold:   394        SH:  4    Dex: 18    Spells: 6/6 levels left

rFire   . . .        E - +0 flail
rCold   + . .        i - +0 buckler
rNeg    + . .        C - +2 leather armour {rC+}
rPois   .            (no helmet)
rElec   .            (no cloak)
rCorr   .            (no gloves)
SInv    .            (no barding)
Will    .....        (no amulet)
Stlth   +++          j - +6 ring of dexterity
HPRegen 0.30/turn    u - ring of positive energy
MPRegen 0.10/turn

%: roll
@: gold aura
A: large, rugged brown scales 3, deformed body, armoured tail, roll, long
tongue, awkward tongue
a: Renounce Religion, Potion Petition, Call Merchant, Bribe Branch


You were on level 5 of the Dungeon.
You worshipped Gozag.
Gozag was aware of your devotion.
You visited 2 branches of the dungeon, and saw 7 of its levels.

You collected 505 gold pieces.
You paid 111 gold pieces to Gozag.

Inventory:

Hand Weapons
 E - a +0 flail (weapon)
Missiles
 o - 5 javelins (quivered)
 y - 12 boomerangs
Armour
 i - a +0 buckler (worn)
 C - a +2 leather armour of cold resistance (worn)
Magical Staves
 h - a staff of poison
Jewellery
 j - a +6 ring of dexterity (left hand)
 u - a ring of positive energy (right hand)
Wands
 g - a wand of digging (3)
 t - a wand of mindburst (13)
Scrolls
 b - 3 scrolls of vulnerability {unknown}
 c - 2 scrolls of fog
 d - 2 scrolls of revelation
 e - a scroll of noise {unknown}
 k - a scroll of silence {unknown}
 m - 2 scrolls of teleportation
 n - 2 scrolls of enchant armour {unknown}
 s - a scroll of immolation {unknown}
 x - a scroll of blinking {unknown}
 z - 2 scrolls of poison
 A - 2 scrolls of summoning {unknown}
 B - a scroll of torment {unknown}
 D - 3 scrolls of identify {unknown}
Potions
 f - a potion of haste
 l - 2 potions of enlightenment {unknown}
 p - 3 potions of might {unknown}
 q - 6 potions of curing {unknown}
 r - 5 potions of attraction {unknown}
 v - 2 potions of ambrosia {unknown}
 w - a potion of berserk rage {unknown}


   Skills:
 - Level 5.0 Fighting
 + Level 5.6 Maces & Flails
 - Level 1.3 Dodging
 - Level 5.4 Stealth
 - Level 2.0 Evocations


You had 6 spell levels left.
You didn't know any spells.
Your spell library contained the following spells:

 Spells                   Type           Power      Damage    Failure   Level
 Lesser Beckoning         Tloc           0%         N/A       65%         2
 Dazzling Flash           Conj/Hex       0%         N/A       87%         3
 Gell's Gravitas          Tloc           0%         N/A       87%         3
 Teleport Other           Tloc           0%         N/A       87%         3
 Volatile Blastmotes      Fire/Tloc      0%         2d10      87%         3
 Starburst                Conj/Fire      0%         6d3       100%        6
 Maxwell's Capacitive Co  Air            0%         ∞         100%        8


Dungeon Overview and Level Annotations

Branches:
Dungeon (6/15)             Temple (1/1) D:4

Altars:
Ashenzari
Cheibriados
Dithmenos
Elyvilon
Gozag
Hepliaklqana
Nemelex Xobeh
Qazlal
Ru
Trog
Uskayaw
Vehumet
Xom
Yredelemnul
Zin
The Shining One

Annotations:
D:5 exclusion: downstairs, Blork the orc
D:6 Pikel


Innate Abilities, Weirdness & Mutations

You are completely covered in rugged brown scales. (AC +3, +7% HP)
Armour fits poorly on your strangely shaped body.
You have a long armoured tail.
You roll when moving toward enemies. (Rampage)
Your long tongue fully drains potion bottles. (2x potion effects)
Your tongue gives you trouble enunciating. (1.5x scroll delay)


Message History

The river rat barely misses you.
You are too injured to fight recklessly!
You hit the river rat.
The river rat is heavily wounded.
You are too injured to fight recklessly!
You barely miss the hell rat. The hell rat barely misses you.
You are too injured to fight recklessly!
You hit the hell rat.
The hell rat is lightly wounded.
You block the hell rat's attack.
You are too injured to fight recklessly!
You barely miss the hell rat.
Your tail-slap misses the hell rat.
The hell rat is lightly wounded.
The hell rat barely misses you.
You are too injured to fight recklessly!
You hit the hell rat but do no damage.
The hell rat is lightly wounded.
The hell rat bites you!
* * * LOW HITPOINT WARNING * * *
The hell rat bites you!
* * * LOW HITPOINT WARNING * * *
The hell rat is distracted by your dazzling golden aura.
The hell rat roars deafeningly!
You are too injured to fight recklessly!
You barely miss the hell rat.
You hear a deafening roar! x2
The hell rat is no longer distracted by gold.
A river rat comes into view.
The hell rat bites you.
* * * LOW HITPOINT WARNING * * *
You hear a deafening roar!
You are too injured to fight recklessly!
You barely miss the hell rat.
You tail-slap the hell rat, but do no damage.
A river rat comes into view.
The hell rat bites you!
* * * LOW HITPOINT WARNING * * *
The hell rat bites you!
You die...
Your body crumbles into a pile of gold.

####.####...## .#.#.###.# ####
###.........#####...r.##.#####...
.........##....#r.#....##.#..#.##
#####...########.#..# #.##.#.#
##.## #..# ##.##.#.## ##..# #rr#
#.##...... #...# #rr# ##.#..####
#''## #r## #.##..# ♣.)♣ #@##
##.#..># ##♣##)#♣### ###.#
##.###.## .'..#.#.'.##
#.#.####.## #.
.'.#.#..'..####.##.##.#####.#..
.#♣#.##♣#..'.....##.#.#.....g..
## ♣..♣ #.)####..#.#.##.# #.
#''###.## ##.#####g## #. #.....##
#.##.##.# ## ##...## #.##.##.#


You could see 2 hell rats and 4 river rats.

Vanquished Creatures
  An ogre (D:5)
  A phantom (D:5)
  A gnoll sergeant (D:5)
  A hound (D:4)
  2 iguanas (D:5)
  An orc wizard (D:5)
  5 adders
  8 gnolls
  12 river rats (D:5)
  4 dart slugs
  2 orcs
  3 ball pythons
  7 bats
  3 endoplasms
  4 giant cockroaches
  5 goblins
  4 hobgoblins
  6 kobolds
  2 quokkas
  5 frilled lizards
  4 rats
81 creatures vanquished.

Notes
Turn   | Place    | Note
-------+----------+-------------------------------------------
     0 | D:5      | GordonOverkill the Armataur Delver began the quest for the
                  | Orb.
     0 | D:5      | Reached XP level 1. HP: 19/19 MP: 1/1
     1 | D:6      | Noticed Pikel
     1 | D:6      | Noticed a lemure
     1 | D:6      | Noticed a lemure
     1 | D:6      | Noticed a lemure
     1 | D:6      | Noticed a lemure
     2 | D:6      | Noticed a jelly
     5 | D:5      | Noticed Blork the orc
    69 | D:3      | Reached XP level 2. HP: 27/27 MP: 2/2
   679 | D:1      | Reached XP level 3. HP: 33/33 MP: 3/3
  2030 | D:3      | Identified the +2 robe of Levity {rPois}
  2073 | D:3      | Found a shimmering altar of Xom.
  2559 | D:4      | Reached XP level 4. HP: 40/40 MP: 4/4
  2899 | D:4      | Found a staircase to the Ecumenical Temple.
  2921 | Temple   | Entered the Ecumenical Temple
  2936 | Temple   | Became a worshipper of Gozag Ym Sagoz the Greedy
  3190 | D:4      | Reached XP level 5. HP: 38/48 MP: 5/5
  3229 | D:5      | Noticed a black bear
  3338 | D:5      | Reached skill level 5 in Maces & Flails
  4077 | D:5      | Noticed an ogre
  4080 | D:5      | Killed an ogre
  4081 | D:5      | Reached XP level 6. HP: 56/56 MP: 6/6
  4205 | D:5      | Reached skill level 5 in Fighting
  4438 | D:5      | Reached skill level 1 in Evocations
  4494 | D:5      | Reached XP level 7. HP: 65/65 MP: 7/7
  4661 | D:5      | Slain by a hell rat

Illustrated notes

Levels and vault maps discovered:
D:1:      dpeg_arrival_castle, layout_basic, minivault_25
D:2:      layout_basic, kennysheep_potato
D:3:      layout_basic, xom_teletrap_fun
D:4:      layout_basic, minmay_temple_entry_poolview
D:5:      wander_guarded_unrand_ratskin, layout_loops_corners,
          kennysheep_generic_room_12, uniq_blork_the_orc
D:6:      layout_basic, lemuel_blue_sif_altar, mainiacjoe_overflow_alcove_2,
          grunt_ministairs_10, uniq_pikel
Temple:   bh_familiar_temple

Skill      XL: |  1  2  3  4  5  6 |
---------------+-------------------+-----
Fighting       | 3 4 5 |  5.0
Maces & Flails | 2 3 4 5 |  5.6
Evocations     | 2 |  2.0
Dodging        | |  1.3
Stealth        | |  5.4

Action                     |  1- 3 |  4- 6 |  7- 9 || total
---------------------------+-------+-------+-------++-------
  Melee: Mace              |    70 |    57 |       ||   127
         Tailslap          |     8 |    17 |     8 ||    33
         Flail             |       |    64 |    44 ||   108
  Throw: Javelin           |       |     6 |       ||     6
  Evoke: Wand              |       |     2 |       ||     2
    Use: Scroll            |     1 |     2 |       ||     3
   Stab: Sleeping          |    17 |     7 |     4 ||    28
 Armour: Leather armour    |    23 |    84 |    22 ||   129
         Chain mail        |    16 |       |       ||    16
  Dodge: Dodged            |    24 |    46 |    18 ||    88
  Block: Buckler           |     8 |    24 |     6 ||    38

Table legend: (Time is in decaauts)
 A = Elapsed time spent in this place.
 B = Non-inter-level travel time spent in this place.
 C = Inter-level travel time spent in this place.
 D = Time resting spent in this place.
 E = Time spent auto-exploring this place.
 F = Levels seen in this place.
 G = Mean time per level.
                   A        B        C        D        E       F      G
               +--------+--------+--------+--------+--------+-----+--------+
         Total |   4717 |   4444 |    273 |    839 |   2543 |   7 |  673.9 |
       Dungeon |   4687 |   4427 |    260 |    839 |   2543 |   6 |  781.2 |
        Temple |     29 |     16 |     13 |      0 |      0 |   1 |   29.0 |
               +--------+--------+--------+--------+--------+-----+--------+

Top non-repeatable levels by time:
     D:5: 1282 daAuts
     D:4: 970 daAuts
     D:2: 906 daAuts
     D:1: 828 daAuts
     D:3: 697 daAuts
  Temple: 29 daAuts
     D:6: 1 daAuts
